 Dungeon Crawl Stone Soup version 0.20.1-1-g8b1a95d (webtiles) character file.

190 Monsterracer the Skirmisher (level 5, -3/44 HPs)
             Began as a Barachi Berserker on Sept 1, 2017.
             Was a Believer of Trog.
             Slain by an orc wizard
             ... wielding a +0 dagger
              (5 damage)
             ... on level 3 of the Dungeon on Sept 2, 2017.
             The game lasted 00:04:51 (1943 turns).

Monsterracer the Skirmisher (Barachi Berserker)     Turns: 1943, Time: 00:04:52

Health: -3/44      AC:  5    Str: 20    XL:     5   Next: 69%
Magic:  5/5        EV: 12    Int:  7    God:    Trog [**....]
Gold:   101        SH:  0    Dex: 11    Spells: 4/4 levels left

rFire    + . .     SeeInvis .   a - +1 hand axe
rCold    x . .     Gourm    .   (no shield)
rNeg     . . .     Faith    .   g - +0 ring mail
rPois    .         Spirit   .   (no helmet)
rElec    .         Reflect  .   (no cloak)
rCorr    .         Harm     .   (no gloves)
MR       ++...                  (no boots)
Stlth    +.........             (no amulet)
Regen    1.2/turn               b - ring of fire
MPRegen  0.1/turn               (no ring)

@: berserk cooldown, regenerating, slowed, very slow
A: +LOS, swims, slowness 1, strong legs 1
a: Hop, Berserk, Trog's Hand, Burn Spellbooks, Renounce Religion


You were on level 3 of the Dungeon.
You worshipped Trog.
Trog was pleased with you.
You were hungry.

You visited 1 branch of the dungeon, and saw 3 of its levels.

You collected 101 gold pieces.

Inventory:

Hand Weapons
 a - a +1 hand axe (weapon)
Armour
 g - a +0 ring mail (worn)
Jewellery
 b - a ring of fire (left hand)
Scrolls
 f - a scroll of blinking
 m - a scroll of magic mapping
Potions
 e - a potion of brilliance {unknown}
 j - a potion of agility {unknown}
 k - 2 potions of curing
Comestibles
 c - a bread ration
 d - 4 meat rations
 h - a royal jelly
 i - 2 chunks of flesh
 l - a fruit


   Skills:
 * Level 5.0 Fighting
 * Level 4.7 Axes
 + Level 3.7 Armour
 + Level 3.2 Dodging


You had 4 spell levels left.
You didn't know any spells.

Dungeon Overview and Level Annotations

Branches:
Dungeon (3/15)

Altars:
Makhleb
Xom


Innate Abilities, Weirdness & Mutations

Shadows flee at your approach. (+LOS)
You can swim through water.
You cover ground slowly.
You can hop short distances.


Message History

Unknown command.
You barely miss the orc priest.
The orc priest is heavily wounded.
You hit something but do no damage. You barely miss the rat.
The rat closely misses you. The orc priest hits you with a club.
* * * LOW HITPOINT WARNING * * *
Something barely misses you. The rat closely misses you.
The orc priest misses you.
Huge Dmg: -7%(-3hp) hp: 21%(9hp)
You hit the orc priest.
The orc priest is heavily wounded.
You slash the rat!
You kill the rat!
Trog accepts your kill.
You closely miss something. Something hits you but does no damage.
The orc priest mumbles some strange prayers to Beogh against you.
Beogh smites you!
* * * LOW HITPOINT WARNING * * *
Something hits you.
You die...

#. #. #. #.##
#... #..#
#..####.#
#.{o....# .
##### #@# .#
####...#####)#
..
..#........)#
<#
#.#.).#######
.#####.##.##
..........#
.#####.####
.#####.#
..<....#


You could see an orc priest.

Vanquished Creatures
  An orc priest (D:3)
  An orc wizard (D:3)
  6 adders (D:2)
  4 worms (D:2)
  4 dart slugs
  3 leopard geckos
  An orc (D:3)
  8 bats
  4 goblins
  6 hobgoblins
  3 jackals (D:1)
  A ball python (D:2)
  6 frilled lizards
  6 kobolds
  9 rats
63 creatures vanquished.

Notes
Turn   | Place    | Note
-------+----------+-------------------------------------------
     0 | D:1      | Monsterracer the Barachi Berserker began the quest for the Orb.
     0 | D:1      | Reached XP level 1. HP: 18/18 MP: 1/1
   135 | D:1      | Reached XP level 2. HP: 21/25 MP: 2/2
   426 | D:1      | Reached skill level 4 in Fighting
   695 | D:1      | Reached XP level 3. HP: 30/30 MP: 3/3
   988 | D:1      | Reached ** piety under Trog
  1294 | D:2      | Reached XP level 4. HP: 38/38 MP: 4/4
  1296 | D:2      | Found a burning altar of Makhleb.
  1296 | D:2      | Found a shimmering altar of Xom.
  1732 | D:2      | HP: 18/38 [poisoned by an adder]
  1736 | D:2      | Reached XP level 5. HP: 25/43 MP: 5/5
  1929 | D:3      | HP: 28/64 [orc priest/divine providence (14)]
  1935 | D:3      | Reached skill level 5 in Fighting
  1935 | D:3      | HP: 18/66 [something/magic dart (9)]
  1941 | D:3      | HP: 12/44 [rat (2)]
  1943 | D:3      | HP: 2/44 [orc priest/divine providence (9)]
  1943 | D:3      | Slain by an orc wizard

Skill      XL: |  1  2  3  4  5 |
---------------+----------------+-----
Fighting       | 4 5 |  5.0
Axes           | 4 |  4.7
Armour         | 3 |  3.7
Dodging        | 3 |  3.2

Action                   |  1- 3 |  4- 6 || total
-------------------------+-------+-------++-------
Melee: Hand axe          |   144 |   101 ||   245
Invok: Berserk           |     1 |     5 ||     6
       Trog's Hand       |       |     1 ||     1
  Use: Scroll            |     3 |     2 ||     5
       Potion            |       |     1 ||     1
 Stab: Sleeping          |     1 |       ||     1
  Eat: Chunk             |     3 |     6 ||     9
Armor: Animal skin       |    12 |       ||    12
       Ring mail         |    36 |    49 ||    85
Dodge: Dodged            |   123 |    83 ||   206
